Map: Ulrena

Players

Petraeus

  • Race: Zerg Zerg
  • League: Grandmaster

Seither - Winner!

  • Race: Terran Terran
  • League: Master

VOD

Have the link to the VOD?

Description

Time

  • Played on: Dec. 13, 2015, 4:47 a.m.
  • Length: 16:45
Show
View Real Time Build Order
Export as new Build Order

Petraeus Zerg 

Build Orders: Hatch First 

Get SALT Encoding   

  12  0:00  Drone  
  13  0:08  Drone  
  14  0:17  Overlord  
  14  0:21  Extractor  
  13  0:23  Drone  
  15  0:35  Drone x2  
  17  0:53  Hatchery  
  17  0:55  Drone  
  17  0:58  Drone  
  18  1:12  Spawning Pool  
  18  1:15  Extractor  
  18  1:17  Drone  
  17  1:20  Drone  
  18  1:27  Drone  
  19  1:37  Drone  
  20  1:48  Overlord  
  20  1:59  Zergling x2  
  21  2:04  Queen  
  21  2:06  Zergling x2, Queen  
  26  2:10  Drone  
  27  2:15  Metabolic Boost  
  27  2:19  Drone  
  28  2:27  Drone  
  29  2:30  Drone  
  29  2:33  Drone  
  31  2:38  Drone  
  31  2:41  Queen  
  31  2:42  Overlord  
  34  2:49  Drone  
  35  2:53  Drone  
  36  3:01  Hatchery  
  35  3:09  Drone  
  35  3:11  Drone  
  35  3:12  Drone  
  38  3:15  Drone x2  
  38  3:16  Drone  
  41  3:21  Overlord  
  41  3:24  Queen  
  43  3:31  Roach Warren  
  43  3:33  Extractor  
  41  3:34  Drone  
  41  3:35  Drone  
  41  3:36  Zergling x2  
  41  3:40  Overlord  
  44  3:48  Drone  
  45  3:49  Drone x2  
  45  3:50  Overlord  
  45  3:53  Drone  
  45  3:54  Drone x2  
  50  3:57  Spore Crawler  
  50  4:01  Zergling x4  
  51  4:10  Queen  
  51  4:12  Roach x2  
  51  4:14  Roach  
  51  4:16  Roach  
  61  4:29  Drone x2  
  61  4:30  Drone  
  61  4:31  Lair  
  64  4:32  Overlord  
  64  4:35  Drone x2  
  66  4:40  Drone x2  
  66  4:41  Drone x2  
  66  4:44  Overlord  
  70  4:52  Spore Crawler x2  
  67  4:53  Drone  
  67  4:54  Drone  
  67  4:56  Drone  
  67  4:59  Ravager  
  70  5:00  Ravager  
  70  5:02  Evolution Chamber x2  
  70  5:03  Drone  
  70  5:04  Drone  
  70  5:05  Extractor  
  69  5:08  Drone  
  69  5:11  Drone  
  69  5:12  Drone  
  70  5:16  Drone  
  70  5:17  Drone  
  70  5:18  Drone x2  
  73  5:28  Drone  
  73  5:29  Drone x3  
  73  5:31  Extractor  
  73  5:32  Drone, Overseer  
  73  5:34  Drone  
  73  5:35  Drone x2  
  76  5:37  Zerg Melee Weapons Level 1  
  76  5:38  Drone  
  76  5:39  Drone  
  77  5:44  Zerg Ground Armor Level 1  
  77  5:48  Drone  
  78  5:51  Drone x2  
  78  5:52  Drone x2  
  78  5:54  Ravager  
  78  5:55  Drone  
  84  5:59  Extractor  
  84  6:00  Drone x2  
  84  6:01  Extractor  
  84  6:03  Ravager  
  85  6:07  Drone x3  
  85  6:08  Drone x2  
  85  6:11  Infestation Pit  
  89  6:14  Overlord x2  
  89  6:15  Zergling x2  
  89  6:19  Pneumatized Carapace  
  89  6:23  Overseer  
  89  6:27  Overlord x2  
  89  6:35  Drone x3  
  89  6:37  Zergling x4  
  89  6:38  Zergling x2  
  94  6:43  Roach  
  94  6:44  Roach x2  
  94  6:46  Zergling x2  
  100  6:49  Roach x2, Zergling x4  
  100  6:53  Hatchery  
  104  6:55  Overlord  
  104  6:57  Hive  
  104  7:11  Zergling x10  
  104  7:14  Ravager x5  
  114  7:18  Drone  
  114  7:21  Zergling x6  
  118  7:29  Hatchery  
  117  7:32  Zergling x16  
  123  7:39  Zerg Melee Weapons Level 2  
  123  7:41  Zerg Ground Armor Level 2  
  122  7:53  Drone x3  
  122  7:57  Drone x3  
  122  7:58  Spine Crawler  
  127  8:00  Drone, Overlord  
  127  8:01  Overlord x2  
  127  8:02  Zergling x2  
  129  8:11  Zergling x2  
  130  8:19  Extractor  
  128  8:23  Adrenal Glands, Extractor  
  128  8:24  Ultralisk Cavern  
  128  8:25  Drone  
  127  8:27  Spine Crawler x2  
  127  8:29  Zergling x2  
  127  8:31  Zergling x2  
  127  8:32  Zergling x8  
  131  8:34  Zergling x6  
  131  8:35  Zergling x2  
  135  8:42  Drone  
  135  8:43  Drone  
  137  8:49  Overlord  
  137  8:50  Overlord, Drone  
  137  9:01  Overlord x2  
  132  9:09  Infestor x3  
  137  9:13  Ultralisk x3, Chitinous Plating  
  137  9:15  Overlord  
  155  9:22  Spire  
  152  9:27  Ultralisk, Zergling x2  
  152  9:28  Zergling x2  
  157  9:37  Ultralisk  
  157  9:38  Zergling x4  
  159  9:49  Drone x3  
  159  9:51  Overlord, Spine Crawler  
  161  9:54  Spore Crawler  
  161  9:59  Ultralisk  
  166  10:07  Zerg Melee Weapons Level 3  
  166  10:09  Ultralisk  
  141  10:23  Ultralisk x2  
  141  10:24  Zergling x4  
  147  10:30  Drone x2  
  147  10:31  Drone x2  
  147  10:35  Ultralisk  
  157  10:40  Zerg Flyer Weapons Level 1  
  157  10:49  Pathogen Glands  
  157  10:52  Viper  
  157  10:55  Hatchery  
  157  10:56  Zergling x2  
  157  10:57  Zergling x8  
  164  11:02  Drone x4  
  169  11:09  Ultralisk  
  173  11:23  Infestor x3  
  179  11:28  Hatchery  
  177  11:37  Queen  
  179  11:43  Ultralisk x2  
  191  11:49  Zergling x2  
  191  11:51  Overlord x2  
  191  11:52  Overlord  
  190  12:11  Spine Crawler  
  190  12:12  Spine Crawler  
  180  12:25  Ultralisk x3  
  180  12:27  Drone x2  
  180  12:28  Drone, Extractor x2  
  195  12:30  Drone, Spine Crawler  
  195  12:33  Spore Crawler  
  190  12:39  Infestor x2  
  190  12:42  Zergling x10  
  199  12:45  Hatchery  
  198  12:56  Hatchery  
  196  13:03  Zergling x8  
  197  13:14  Zerg Flyer Armor Level 1  
  183  13:27  Infestor  
  183  13:28  Infestor  
  185  13:36  Hatchery  
  181  13:56  Hatchery  
  181  14:01  Hatchery  
  179  14:11  Lair  
  179  14:12  Drone  
  179  14:13  Drone x3  
  179  14:14  Drone x3  
  186  14:17  Ultralisk  
  186  14:21  Corruptor  
  186  14:22  Corruptor  
  196  14:27  Corruptor  
  139  14:55  Infestor  
  139  14:56  Infestor x3  
  140  15:20  Hive  
  140  15:28  Infestor x2  
  142  15:31  Ultralisk  
  142  15:32  Ultralisk  
  156  15:36  Drone x3  
  156  15:41  Drone x3  
  162  15:43  Drone  
  163  15:52  Zergling x4  
  165  16:01  Drone x3  
  165  16:02  Drone  
  165  16:03  Ultralisk  
Show
View Real Time Build Order
Export as new Build Order

Seither Terran - Winner!

Build Orders: Reaper Expand, MMM Bio, Banshee Rush 

Get SALT Encoding   

  12  0:00  SCV  
  13  0:13  SCV  
  14  0:17  Supply Depot  
  14  0:25  SCV  
  15  0:39  SCV  
  15  0:40  Barracks  
  16  0:45  Refinery  
  16  0:51  SCV  
  17  1:03  SCV  
  18  1:15  SCV  
  19  1:28  Orbital Command  
  19  1:29  Reaper  
  20  1:44  Command Center  
  20  1:54  Supply Depot  
  20  1:56  SCV  
  20  2:01  Marine  
  22  2:08  SCV  
  22  2:11  Factory  
  23  2:18  Refinery  
  23  2:20  SCV  
  24  2:23  Barracks Reactor  
  24  2:32  SCV  
  25  2:45  SCV  
  26  2:57  SCV, Orbital Command  
  27  3:00  Starport  
  27  3:04  Factory Tech Lab  
  27  3:08  Marine x2  
  27  3:09  SCV  
  29  3:13  Bunker  
  29  3:21  SCV  
  29  3:25  SCV, Marine  
  29  3:26  Supply Depot, Marine  
  33  3:33  SCV  
  34  3:42  Banshee, Cloaking Field  
  34  3:43  Marine x2  
  34  3:44  Factory Tech Lab, SCV  
  40  3:49  SCV  
  40  3:51  Supply Depot  
  41  3:56  SCV  
  42  4:03  Marine x2  
  42  4:04  Supply Depot, Siege Tank  
  42  4:06  SCV  
  42  4:09  SCV  
  49  4:15  Supply Depot  
  49  4:18  SCV  
  49  4:21  SCV  
  49  4:22  Marine  
  49  4:23  Marine  
  53  4:27  Banshee  
  53  4:30  SCV  
  57  4:33  SCV  
  58  4:40  Command Center  
  58  4:49  Siege Tank  
  58  4:50  Barracks Tech Lab  
  60  4:53  SCV x2  
  60  4:59  Refinery  
  62  5:01  Engineering Bay x2  
  62  5:05  SCV x2  
  64  5:17  Marine  
  64  5:18  Stimpack  
  65  5:22  SCV x2, Barracks, Starport Reactor  
  65  5:23  Barracks  
  65  5:26  Refinery  
  67  5:39  Marine  
  67  5:40  Siege Tank  
  67  5:41  SCV x2  
  70  5:51  Terran Infantry Weapons Level 1  
  70  5:53  Barracks  
  70  5:54  Barracks, Orbital Command  
  70  5:57  Marine  
  70  6:00  Supply Depot  
  70  6:03  Terran Infantry Armor Level 1  
  71  6:12  Supply Depot  
  71  6:14  Marine  
  71  6:15  Supply Depot  
  71  6:16  Medivac x2  
  76  6:20  Marine x2  
  76  6:21  Barracks Reactor  
  76  6:24  SCV x2  
  80  6:27  Orbital Command  
  80  6:29  Missile Turret  
  80  6:32  Marine  
  80  6:38  Marine x2  
  80  6:39  Siege Tank  
  86  6:43  SCV x2  
  87  6:50  Supply Depot  
  87  6:51  Barracks Reactor x2, Supply Depot  
  85  6:55  Medivac  
  85  6:57  SCV x2  
  85  6:58  SCV  
  90  7:07  Marine x2  
  92  7:09  SCV x2  
  92  7:10  SCV  
  92  7:12  Siege Tank, Marine x2  
  92  7:13  Supply Depot  
  100  7:20  Refinery  
  100  7:21  SCV  
  100  7:22  SCV, Armory, Marine, Combat Shields  
  102  7:25  Marine x2  
  102  7:36  Marine  
  100  7:44  Marine x2  
  94  7:46  Marine x3  
  94  7:47  Medivac x2, Marine  
  94  7:48  SCV x3  
  106  8:06  Marine x8  
  106  8:07  Siege Tank  
  106  8:08  SCV x3  
  106  8:11  Refinery  
  119  8:16  Marine  
  119  8:17  Terran Infantry Weapons Level 2  
  119  8:18  Terran Infantry Armor Level 2  
  119  8:21  SCV  
  119  8:22  SCV  
  119  8:23  Marine  
  122  8:27  Marine  
  122  8:28  Marine x2  
  125  8:36  SCV x3  
  125  8:37  Barracks  
  125  8:38  Barracks x2  
  125  8:39  Medivac x2  
  132  8:46  Marine x4  
  132  8:47  Siege Tank, Marauder  
  141  8:57  SCV  
  141  8:58  Supply Depot x2  
  141  8:59  Supply Depot x2  
  141  9:02  SCV  
  141  9:15  Supply Depot x2  
  141  9:19  SCV, Marine x5  
  141  9:20  SCV x2, Marauder, Medivac x2, Marine  
  156  9:27  Barracks Tech Lab  
  156  9:28  Barracks Tech Lab x2  
  156  9:38  Marine x6  
  157  9:48  Concussive Shells, Marauder x3  
  163  9:52  Marine  
  163  9:53  Marauder, Marine  
  163  9:56  Marine x2  
  163  9:57  Command Center  
  163  9:58  Marine x2  
  163  9:59  Marine x2  
  167  10:09  Marauder, Marine  
  167  10:10  Marine x2, Marauder  
  161  10:14  Marauder, Marine x2  
  145  10:21  Marine x2  
  145  10:27  Marauder, Marine x2  
  129  10:28  Marine x2  
  129  10:31  Marauder x2  
  129  10:32  Liberator  
  129  10:34  Liberator  
  129  10:35  Marine x2  
  137  10:36  Marauder  
  137  10:39  Marine  
  140  10:46  Marine x4  
  140  10:49  Marauder  
  149  10:52  Marauder x2  
  149  10:56  Marine x3  
  159  10:57  Marauder, Marine  
  162  11:12  Marine x4  
  162  11:13  Marauder x2  
  162  11:16  Terran Infantry Weapons Level 3  
  162  11:17  Ghost Academy  
  169  11:27  Liberator, Marine x2  
  169  11:28  Marauder, Liberator, Marine x2  
  164  11:40  Marauder x2, Marine x4  
  164  11:45  Siege Tank  
  181  11:49  Marine x4  
  181  11:50  Marauder x2  
  187  11:57  Marine  
  187  11:58  Marine  
  187  11:59  Marine x2  
  179  12:08  Marine x2  
  179  12:09  Marauder x2, Marine x2  
  187  12:20  Marauder x2, Marine x4  
  176  12:24  Planetary Fortress  
  166  12:34  Marauder, Marine x4  
  166  12:35  Marauder  
  170  12:39  Medivac x2  
  173  12:49  Marine x4  
  177  13:00  Marine x4  
  177  13:02  SCV x2  
  181  13:16  Ghost x3  
  181  13:19  Liberator x2  
  185  13:27  Marauder, Marine x2  
  169  13:44  Ghost  
  169  13:47  Ghost x2  
  169  13:48  Ghost  
  161  13:54  Marine x2  
  161  13:55  Marine  
  161  14:13  Siege Tank  
  161  14:14  Marauder  
  161  14:16  Marauder  
  168  14:22  Medivac x2  
  172  14:27  Sensor Tower  
  172  14:28  Marine  
  172  14:29  Marauder  
  172  14:31  Command Center  
  175  14:32  Marine x4  
  175  14:34  Terran Ship Weapons Level 1  
  168  14:52  Medivac x2  
  156  14:54  Marine x2  
  156  14:55  Marauder x3, Marine  
  165  15:03  Marine  
  166  15:07  Ghost  
  156  15:15  Ghost  
  158  15:22  Medivac x2  
  158  15:28  Marauder, Marine x2  
  163  15:29  Marine  
  164  15:36  Marauder  
  164  15:41  Barracks Tech Lab, Marine  
  167  15:45  Marauder  
  171  15:50  Marauder  
  171  15:52  Medivac x2  
  175  16:02  Marine x2  
  175  16:03  Marauder x2, Marine  
  182  16:06  Marauder  
  182  16:09  Marine x2  
  188  16:11  Marauder  
  188  16:12  Marine x2  
Tags
 
Add a new tag
Caveats
  • Supply blocks, unpowered buildings, or Contaminate may cause inaccurate times.
  • Supply counts are checked every 10 seconds.